Login

Wilkes-Barre/Scranton Penguins vs Belleville Senators

Created - 11 March 2024 at 23:12

Goals
1 2 3 T
Wilkes-Barre/Scranton Penguins 1 1 3 5
Belleville Senators 0 3 0 3
Shots
1 2 3 T
Wilkes-Barre/Scranton Penguins 8 14 12 34
Belleville Senators 10 11 1 22

GoalsPenalties
1st period
1. Wilkes-Barre/Scranton Penguins , Valtteri Puustinen 2 (Marc Johnstone 2, John Ludvig 1) at 12:09
No Penalty
2nd period
2. Wilkes-Barre/Scranton Penguins , Raivis Ansons 1 (Ryan Shea 1, Will Butcher 1) at 2:31
3. Belleville Senators , Matthew Highmore 3 (Bokondji Imama 3) at 5:46
4. Belleville Senators , Ridly Greig 5 (Joel Teasdale 6, Donovan Sebrango 1) at 15:42
5. Belleville Senators , Angus Crookshank 1 (Garrett Pilon 1) at 17:00
Dmitri Samorukov (WBS) for Roughing (Minor) at 6:08
3rd period
6. Wilkes-Barre/Scranton Penguins , Valtteri Puustinen 3 (Raivis Ansons 1, Xavier Ouellet 1) at 4:18
7. Wilkes-Barre/Scranton Penguins , Alex Nylander 5 (Ryan Shea 2) at 10:54
8. Wilkes-Barre/Scranton Penguins , Raivis Ansons 2 (Valtteri Puustinen 1, Jack Rathbone 4) at 11:30
Bokondji Imama (BEL) for Tripping (Minor) at 2:02
Rourke Chartier (BEL) for High sticking (Minor) at 8:39
Cole Reinhardt (BEL) for Interference (Minor) at 13:08
Goalie Stats
Magnus Hellberg (WBS), 19 saves from 22 shots - (0.864), W, 2-0-1, 60:00 minutes
Kevin Mandolese (BEL), 29 saves from 34 shots - (0.853), L, 0-2-0, 60:00 minutes
3 StarsOfficial
1 - Valtteri Puustinen (WBS)
2 - Raivis Ansons (WBS)
3 - Marc Johnstone (WBS)
Referees : Chris Schlenker and Brandon Blandina
Linesman : Colin Gates and Matt MacPherson
Game Note
8:56 of 2nd period - Wilkes-Barre/Scranton Penguins goal is going for a video replay. After video review, No Goal. The attacking player has interfered with a goalkeeper in his goal crease.
Finance
Level 1 -- Attendance: 1945 (97.25%) -- Ticket Income $68,075
Level 2 -- Attendance: 865 (86.50%) -- Ticket Income $12,975
Total Attendance: 2810 (93.67%)
Total Ticket Income: $81,050
Other Income: $39,714
Total Income: $120,764



Team Name Goals Shots Shots Attemp Shots Blocked PIM HIT PP PK FO%
Wilkes-Barre/Scranton Penguins 5346562280 / 3 (0%)049%
Belleville Senators 3224396280 / 1 (0%)051%

Wilkes-Barre/Scranton Penguins
Player Name POS G A P +/- PIM HIT SHT SB MP PP MP PP SHT PK MP PK SHT FO% FOT GA TA
Alex NylanderLW101-1022021:563:2200:23050% 210
Corey AndonovskiRW000002108:090:1100:000100% 200
Dmitri SamorukovD0001223025:332:5000:0000% 000
Filip HallanderC000-1023018:152:2500:0000% 010
Jack RathboneD0111034122:052:5000:3300% 001
Jack St-IvanyD000000005:120:0000:0000% 000
Jansen HarkinsC000-1022022:123:2100:5600% 100
John LudvigD0110010014:000:0000:5900% 001
Jonathan GrudenC000-1050118:302:2500:1600% 100
Lukas SvejkovskyRW000000006:270:0000:2400% 000
Marc JohnstoneRW0114002113:440:0400:0000% 000
Radim ZohornaLW000-1020018:182:2500:00060% 1010
Raivis AnsonsLW2134005016:530:1000:4000% 001
Ryan SheaD0221011019:253:0711:0000% 000
Valtteri PuustinenRW2134014111:120:0000:2300% 100
Vinnie HinostrozaC000-1045022:103:2810:56046% 2431
Will ButcherD0111011120:333:0701:1000% 013
Xavier OuelletD0110001113:260:0000:1600% 002
Belleville Senators
Player Name POS G A P +/- PIM HIT SHT SB MP PP MP PP SHT PK MP PK SHT FO% FOT GA TA
Alex VlasicD000-1020122:531:0702:0600% 020
Angus CrookshankLW1011013013:220:0001:5100% 000
Bokondji ImamaLW011-2230115:000:5500:0900% 001
Cole ReinhardtLW000-1210010:220:0000:1900% 010
Daniel D'AmatoC000-1000111:290:0000:530100% 100
Dillon HeatheringtonD0000030023:580:5203:5100% 001
Donovan SebrangoD0110020019:220:0003:5100% 001
Garrett PilonRW0111000010:350:0000:0000% 000
Jacob LarssonD000-2021219:020:0002:0600% 011
Jermaine LoewenRW000-100009:420:0000:0000% 001
Joel TeasdaleLW0110022120:571:0403:020100% 200
Justin BrazeauRW000-1002014:570:5500:0000% 000
Louis CrevierD0000010117:001:0700:0000% 000
Matthew HighmoreC101-1023114:420:0001:06038% 1310
Ridly GreigC1010007018:351:0400:26050% 1830
Rourke ChartierC0000221013:570:5502:04050% 400
Tyler KlevenD000-1021017:450:5200:0000% 010
Zack MacEwenRW000-1052120:221:0402:04067% 302

Wilkes-Barre/Scranton Penguins

5 vs 5 Forward
Line #Left WingCenterRight WingPHYDFOFWanted %Time %Time Play
1Jansen HarkinsVinnie HinostrozaAlex Nylander1224033%17:24
2Filip HallanderRadim ZohornaJonathan Gruden1223035%18:01
3Raivis AnsonsValtteri PuustinenMarc Johnstone1222020%10:36
4Lukas SvejkovskyCorey AndonovskiRaivis Ansons1221012%6:03
5 vs 5 Defense
Line #DefenseDefensePHYDFOFWanted %Time %Time Play
1Dmitri SamorukovJack Rathbone1224036%18:51
2Will ButcherRyan Shea1223029%15:09
3John LudvigXavier Ouellet1222025%13:01
4Jack St-IvanyDmitri Samorukov1221010%5:03
Power Play Forward
Line #Left WingCenterRight WingPHYDFOFWanted %Time %Time Play
1Alex NylanderVinnie HinostrozaJansen Harkins1226059%3:32
2Filip HallanderRadim ZohornaJonathan Gruden1224041%2:25
Power Play Defense
Line #DefenseDefensePHYDFOFWanted %Time %Time Play
1Dmitri SamorukovJack Rathbone1226048%2:50
2Ryan SheaWill Butcher1224052%3:07
Penalty Kill 4 Players Forward
Line #CenterWingPHYDFOFWanted %Time %Time Play
1Vinnie HinostrozaJansen Harkins1226081%1:36
2Alex NylanderValtteri Puustinen1224019%0:23
Penalty Kill 4 Players Defense
Line #DefenseDefensePHYDFOFWanted %Time %Time Play
1Dmitri SamorukovWill Butcher1226072%1:26
2John LudvigJack Rathbone1224028%0:33
Penalty Kill 3 Players
Line #WingPHYDFOFWanted %Time %Time PlayDefenseDefensePHYDFOFWanted %Time %Time Play
1Jansen Harkins122600%0:00 Jack RathboneDmitri Samorukov122600%0:00
2Corey Andonovski122400%0:00 Jack St-IvanyJohn Ludvig122400%0:00
4 vs 4 Forward
Line #CenterWingPHYDFOFWanted %Time %Time Play
1Alex NylanderRaivis Ansons122600%0:00
2Vinnie HinostrozaMarc Johnstone122400%0:00
4 vs 4 Defense
Line #DefensePHYDFOFWanted %Time %Time Play
1Jack RathboneDmitri Samorukov122600%0:00
2Xavier OuelletRyan Shea122400%0:00
Last Minutes Offensive
Left WingCenterRight WingDefenseDefense
Alex NylanderVinnie HinostrozaJansen HarkinsDmitri SamorukovJack Rathbone
Last Minutes Defensive
Left WingCenterRight WingDefenseDefense
Alex NylanderVinnie HinostrozaJansen HarkinsDmitri SamorukovJack Rathbone
Time
Total ForwardTotal DefenseLast Minutes OffensiveLast Minutes Defensive
60:00 60:00 0:000:00
Extra Forwards
Normal PowerPlayPenalty Kill
Raivis Ansons, Jansen Harkins, Vinnie HinostrozaAlex Nylander, Radim ZohornaLukas Svejkovsky
Extra Defensemen
Normal PowerPlayPenalty Kill
Xavier Ouellet, Jack St-Ivany, Dmitri SamorukovJack Rathbone, Ryan SheaDmitri Samorukov
Penalty Shots
Raivis Ansons, Jansen Harkins, Vinnie Hinostroza, Alex Nylander, Radim Zohorna
Goalie
Magnus Hellberg, Taylor Gauthier
Custom OT Lines Forwards
Raivis Ansons, Vinnie Hinostroza, Alex Nylander, Jansen Harkins, Radim Zohorna, Filip Hallander, Jonathan Gruden, Valtteri Puustinen, Marc Johnstone, Lukas Svejkovsky
Custom OT Lines Defensemen
Xavier Ouellet, Jack St-Ivany, Dmitri Samorukov, Jack Rathbone, Ryan Shea
Scratches
Jordan Frasca (Healthy), Joel Blomqvist (Healthy), Filip Lindberg (Healthy)

Belleville Senators

5 vs 5 Forward
Line #Left WingCenterRight WingPHYDFOFWanted %Time %Time Play
1Joel TeasdaleRidly GreigZack MacEwen1224035%18:09
2Bokondji ImamaMatthew HighmoreJustin Brazeau1223026%13:38
3Angus CrookshankRourke ChartierGarrett Pilon1222020%10:35
4Cole ReinhardtDaniel D'AmatoJermaine Loewen1221019%9:42
5 vs 5 Defense
Line #DefenseDefensePHYDFOFWanted %Time %Time Play
1Alex VlasicDillon Heatherington2214040%20:55
2Tyler KlevenJacob Larsson2213233%16:56
3Louis CrevierDonovan Sebrango2212827%14:08
4Louis CrevierDonovan Sebrango22100%0:05
Power Play Forward
Line #Left WingCenterRight WingPHYDFOFWanted %Time %Time Play
1Joel TeasdaleRidly GreigZack MacEwen1226054%1:04
2Bokondji ImamaRourke ChartierJustin Brazeau1224046%0:55
Power Play Defense
Line #DefenseDefensePHYDFOFWanted %Time %Time Play
1Alex VlasicLouis Crevier1226056%1:07
2Tyler KlevenDillon Heatherington1224044%0:52
Penalty Kill 4 Players Forward
Line #CenterWingPHYDFOFWanted %Time %Time Play
1Rourke ChartierJoel Teasdale1316082%4:51
2Matthew HighmoreCole Reinhardt1314018%1:06
Penalty Kill 4 Players Defense
Line #DefenseDefensePHYDFOFWanted %Time %Time Play
1Dillon HeatheringtonDonovan Sebrango1316065%3:51
2Jacob LarssonAlex Vlasic1314035%2:06
Penalty Kill 3 Players
Line #WingPHYDFOFWanted %Time %Time PlayDefenseDefensePHYDFOFWanted %Time %Time Play
1Rourke Chartier122600%0:00 Dillon HeatheringtonAlex Vlasic122600%0:00
2Matthew Highmore122400%0:00 Donovan SebrangoJacob Larsson122400%0:00
4 vs 4 Forward
Line #CenterWingPHYDFOFWanted %Time %Time Play
1Matthew HighmoreRidly Greig122600%0:00
2Joel TeasdaleZack MacEwen122400%0:00
4 vs 4 Defense
Line #DefensePHYDFOFWanted %Time %Time Play
1Alex VlasicDillon Heatherington122600%0:00
2Louis CrevierTyler Kleven122400%0:00
Last Minutes Offensive
Left WingCenterRight WingDefenseDefense
Joel TeasdaleRidly GreigZack MacEwenAlex VlasicDillon Heatherington
Last Minutes Defensive
Left WingCenterRight WingDefenseDefense
Joel TeasdaleRourke ChartierZack MacEwenAlex VlasicDillon Heatherington
Time
Total ForwardTotal DefenseLast Minutes OffensiveLast Minutes Defensive
60:00 60:00 0:000:00
Extra Forwards
Normal PowerPlayPenalty Kill
Daniel D'Amato, Ridly Greig, Matthew HighmoreJoel Teasdale, Rourke ChartierZack MacEwen
Extra Defensemen
Normal PowerPlayPenalty Kill
Donovan Sebrango, Alex Vlasic, Dillon HeatheringtonTyler Kleven, Jacob LarssonLouis Crevier
Penalty Shots
Daniel D'Amato, Louis Crevier, Ridly Greig, Joel Teasdale, Rourke Chartier
Goalie
Kevin Mandolese, Leevi Merilainen
Custom OT Lines Forwards
Ridly Greig, Zack MacEwen, Matthew Highmore, Joel Teasdale, Rourke Chartier, Bokondji Imama, Justin Brazeau, Angus Crookshank, Cole Reinhardt, Garrett Pilon
Custom OT Lines Defensemen
Alex Vlasic, Dillon Heatherington, Tyler Kleven, Jacob Larsson, Louis Crevier
Scratches
D.J. Busdeker (Healthy), Jorian Donovan (Healthy), Ryan Francis (Healthy), Roby Jarventie (Healthy), Noah Laaouan (Healthy) Jeremy McKenna (Healthy), Vincent Sevigny (Herniated Disc Injury), Isaac Poulter (Healthy)


Play-by-Play

1st period


0:01 of 1st period - Zack MacEwen wins face-off versus Vinnie Hinostroza in neutral zone.
0:09 of 1st period - Snap shot by Ridly Greig.
0:09 of 1st period - Stopped by Magnus Hellberg with a rebound.
1:12 of 1st period - Slapshot by Tyler Kleven.
1:12 of 1st period - Shot Blocked by Xavier Ouellet.
2:27 of 1st period - Rourke Chartier is hit by Dmitri Samorukov and loses puck.
2:42 of 1st period - Rourke Chartier is hit by Jansen Harkins and loses puck.
2:53 of 1st period - Rourke Chartier is hit by Jonathan Gruden and loses puck.
3:18 of 1st period - Wrist shot by Joel Teasdale.
3:18 of 1st period - Stopped by Magnus Hellberg without a rebound.
3:19 of 1st period - Matthew Highmore wins face-off versus Valtteri Puustinen in Wilkes-Barre/Scranton Penguins zone.
3:22 of 1st period - Wrist shot by Bokondji Imama.
3:22 of 1st period - Shot Blocked by Will Butcher.
3:44 of 1st period - Filip Hallander is hit by Zack MacEwen and loses puck.
4:07 of 1st period - Snap shot by Jansen Harkins.
4:07 of 1st period - Shot Misses the Net.
4:09 of 1st period - Slapshot by Will Butcher.
4:09 of 1st period - Deflect By Alex Nylander.
4:09 of 1st period - Shot Blocked by Daniel D'Amato.
4:09 of 1st period - Puck is out of play.
4:10 of 1st period - Vinnie Hinostroza wins face-off versus Matthew Highmore in Belleville Senators zone.
4:36 of 1st period - Alex Vlasic is hit by Valtteri Puustinen and loses puck.
4:45 of 1st period - Raivis Ansons is hit by Dillon Heatherington and loses puck.
5:24 of 1st period - Wrist shot by Vinnie Hinostroza.
5:24 of 1st period - Shot Misses the Net.
5:28 of 1st period - Snap shot by Jansen Harkins.
5:28 of 1st period - Stopped by Kevin Mandolese without a rebound.
5:29 of 1st period - Corey Andonovski wins face-off versus Ridly Greig in Belleville Senators zone.
5:30 of 1st period - Slapshot by Jack Rathbone.
5:30 of 1st period - Stopped by Kevin Mandolese with a rebound.
5:32 of 1st period - Slapshot by Jack Rathbone.
5:32 of 1st period - Deflect By Raivis Ansons.
5:32 of 1st period - Shot Blocked by Joel Teasdale.
5:32 of 1st period - Puck is out of play.
5:33 of 1st period - Corey Andonovski wins face-off versus Ridly Greig in Belleville Senators zone.
5:38 of 1st period - Snap shot by Jack Rathbone.
5:38 of 1st period - Stopped by Kevin Mandolese with a rebound.
5:40 of 1st period - Slapshot by Jack Rathbone.
5:40 of 1st period - Shot Blocked by Alex Vlasic.
5:44 of 1st period - Wrist shot by Dmitri Samorukov.
5:44 of 1st period - Shot Blocked by Zack MacEwen.
5:46 of 1st period - Slapshot by Jack Rathbone.
5:46 of 1st period - Shot Misses the Net.
5:58 of 1st period - Alex Vlasic is hit by Radim Zohorna and loses puck.
6:36 of 1st period - Snap shot by Alex Nylander.
6:36 of 1st period - Stopped by Kevin Mandolese with a rebound.
6:46 of 1st period - Dillon Heatherington is hit by Corey Andonovski and loses puck.
7:15 of 1st period - Slapshot by Alex Vlasic.
7:15 of 1st period - Deflect By Angus Crookshank.
7:15 of 1st period - Stopped by Magnus Hellberg without a rebound.
7:16 of 1st period - Radim Zohorna wins face-off versus Rourke Chartier in Wilkes-Barre/Scranton Penguins zone.
7:27 of 1st period - Wrist shot by Rourke Chartier.
7:27 of 1st period - Shot Blocked by Jonathan Gruden.
7:29 of 1st period - Snap shot by Jacob Larsson.
7:29 of 1st period - Shot Misses the Net.
7:31 of 1st period - Snap shot by Rourke Chartier.
7:31 of 1st period - Shot Misses the Net.
8:04 of 1st period - Dmitri Samorukov is hit by Zack MacEwen and loses puck.
8:09 of 1st period - Snap shot by Ridly Greig.
8:09 of 1st period - Shot Misses the Net.
8:11 of 1st period - Slapshot by Jacob Larsson.
8:11 of 1st period - Shot Blocked by Marc Johnstone.
8:21 of 1st period - Radim Zohorna is hit by Bokondji Imama and loses puck.
8:30 of 1st period - Snap shot by Matthew Highmore.
8:30 of 1st period - Stopped by Magnus Hellberg with a rebound.
8:50 of 1st period - Filip Hallander is hit by Rourke Chartier and loses puck.
9:03 of 1st period - Jermaine Loewen is hit by Vinnie Hinostroza and loses puck.
9:22 of 1st period - Snap shot by Ridly Greig.
9:22 of 1st period - Stopped by Magnus Hellberg with a rebound.
9:24 of 1st period - Snap shot by Joel Teasdale.
9:24 of 1st period - Shot Misses the Net.
9:28 of 1st period - Snap shot by Joel Teasdale.
9:28 of 1st period - Shot Misses the Net.
9:30 of 1st period - Wrist shot by Joel Teasdale.
9:30 of 1st period - Shot Blocked by Valtteri Puustinen.
9:32 of 1st period - Snap shot by Zack MacEwen.
9:32 of 1st period - Shot Misses the Net.
9:34 of 1st period - Snap shot by Joel Teasdale.
9:34 of 1st period - Stopped by Magnus Hellberg without a rebound.
9:35 of 1st period - Matthew Highmore wins face-off versus Vinnie Hinostroza in Wilkes-Barre/Scranton Penguins zone.
10:02 of 1st period - Alex Vlasic is hit by Corey Andonovski and loses puck.
10:31 of 1st period - Icing by Rourke Chartier.
10:32 of 1st period - Rourke Chartier wins face-off versus Alex Nylander in Belleville Senators zone.
10:32 of 1st period - Rourke Chartier is hit by Vinnie Hinostroza.
10:42 of 1st period - Snap shot by Angus Crookshank.
10:42 of 1st period - Stopped by Magnus Hellberg with a rebound.
11:06 of 1st period - Slapshot by Valtteri Puustinen.
11:06 of 1st period - Shot Misses the Net.
11:08 of 1st period - Snap shot by Dmitri Samorukov.
11:08 of 1st period - Shot Blocked by Jacob Larsson.
11:10 of 1st period - Wrist shot by Raivis Ansons.
11:10 of 1st period - Stopped by Kevin Mandolese without a rebound.
11:11 of 1st period - Radim Zohorna wins face-off versus Matthew Highmore in Belleville Senators zone.
11:24 of 1st period - Snap shot by Radim Zohorna.
11:24 of 1st period - Shot Misses the Net.
11:26 of 1st period - Snap shot by Filip Hallander.
11:26 of 1st period - Stopped by Kevin Mandolese with a rebound.
11:36 of 1st period - Alex Nylander is hit by Zack MacEwen and loses puck.
12:09 of 1st period - Backhand shot by Valtteri Puustinen.
12:09 of 1st period - Goal by Valtteri Puustinen - Wilkes-Barre/Scranton Penguins : 1 - Belleville Senators : 0.
12:10 of 1st period - Vinnie Hinostroza wins face-off versus Ridly Greig in neutral zone.
12:12 of 1st period - Off-side.
12:13 of 1st period - Ridly Greig wins face-off versus Vinnie Hinostroza in neutral zone.
12:16 of 1st period - Snap shot by Ridly Greig.
12:16 of 1st period - Stopped by Magnus Hellberg with a rebound.
12:21 of 1st period - Slapshot by Dillon Heatherington.
12:21 of 1st period - Shot Blocked by Jack Rathbone.
13:21 of 1st period - Marc Johnstone is hit by Cole Reinhardt and loses puck.
13:26 of 1st period - Slapshot by Tyler Kleven.
13:26 of 1st period - Stopped by Magnus Hellberg with a rebound.
13:54 of 1st period - Tyler Kleven is hit by Jack Rathbone and loses puck.
14:05 of 1st period - Snap shot by Valtteri Puustinen.
14:05 of 1st period - Stopped by Kevin Mandolese without a rebound.
14:06 of 1st period - Joel Teasdale wins face-off versus Vinnie Hinostroza in Belleville Senators zone.
14:57 of 1st period - Xavier Ouellet is hit by Dillon Heatherington and loses puck.
15:24 of 1st period - Ridly Greig is hit by Jonathan Gruden and loses puck.
15:54 of 1st period - Snap shot by Rourke Chartier.
15:54 of 1st period - Stopped by Magnus Hellberg with a rebound.
16:06 of 1st period - Alex Nylander is hit by Zack MacEwen and loses puck.
16:57 of 1st period - Dillon Heatherington is hit by Will Butcher and loses puck.
17:27 of 1st period - Snap shot by Angus Crookshank.
17:27 of 1st period - Shot Hit the Post.
18:00 of 1st period - Snap shot by Joel Teasdale.
18:00 of 1st period - Shot Misses the Net.
18:28 of 1st period - Raivis Ansons is hit by Donovan Sebrango.
19:00 of 1st period - Radim Zohorna is hit by Joel Teasdale.
19:57 of 1st period - Marc Johnstone is hit by Jacob Larsson and loses puck.
Goals for this period are 1 for Wilkes-Barre/Scranton Penguins vs 0 for Belleville Senators.
Shots for this period are 8 for Wilkes-Barre/Scranton Penguins vs 10 for Belleville Senators.

2nd period


0:01 of 2nd period - Vinnie Hinostroza wins face-off versus Ridly Greig in neutral zone.
0:10 of 2nd period - Wrist shot by Alex Nylander.
0:10 of 2nd period - Shot Misses the Net.
0:13 of 2nd period - Icing by Dillon Heatherington.
0:14 of 2nd period - Ridly Greig wins face-off versus Vinnie Hinostroza in Belleville Senators zone.
0:21 of 2nd period - Slapshot by Zack MacEwen.
0:21 of 2nd period - Stopped by Magnus Hellberg with a rebound.
0:23 of 2nd period - Snap shot by Ridly Greig.
0:23 of 2nd period - Stopped by Magnus Hellberg with a rebound.
1:09 of 2nd period - Off-side.
1:10 of 2nd period - Matthew Highmore wins face-off versus Jonathan Gruden in neutral zone.
1:35 of 2nd period - Alex Nylander is hit by Rourke Chartier and loses puck.
2:19 of 2nd period - Wrist shot by Valtteri Puustinen.
2:19 of 2nd period - Shot Misses the Net.
2:21 of 2nd period - Slapshot by Ryan Shea.
2:21 of 2nd period - Shot Misses the Net.
2:23 of 2nd period - Slapshot by Will Butcher.
2:23 of 2nd period - Stopped by Kevin Mandolese with a rebound.
2:25 of 2nd period - Wrist shot by Raivis Ansons.
2:25 of 2nd period - Stopped by Kevin Mandolese with a rebound.
2:27 of 2nd period - Wrist shot by Raivis Ansons.
2:27 of 2nd period - Stopped by Kevin Mandolese with a rebound.
2:29 of 2nd period - Slapshot by Ryan Shea.
2:29 of 2nd period - Shot Misses the Net.
2:31 of 2nd period - Wrist shot by Raivis Ansons.
2:31 of 2nd period - Goal by Raivis Ansons - Wilkes-Barre/Scranton Penguins : 2 - Belleville Senators : 0.
2:32 of 2nd period - Ridly Greig wins face-off versus Jansen Harkins in neutral zone.
2:59 of 2nd period - Bokondji Imama is hit by Jack Rathbone and loses puck.
3:10 of 2nd period - Tyler Kleven is hit by Dmitri Samorukov and loses puck.
3:33 of 2nd period - Slapshot by Radim Zohorna.
3:33 of 2nd period - Shot Misses the Net.
4:07 of 2nd period - Dillon Heatherington is hit by Jansen Harkins and loses puck.
4:32 of 2nd period - Slapshot by Alex Nylander.
4:32 of 2nd period - Deflect By Cole Reinhardt.
4:32 of 2nd period - Shot Misses the Net.
4:32 of 2nd period - Puck is out of play.
4:33 of 2nd period - Ridly Greig wins face-off versus Radim Zohorna in Belleville Senators zone.
5:13 of 2nd period - Slapshot by Ridly Greig.
5:13 of 2nd period - Stopped by Magnus Hellberg with a rebound.
5:15 of 2nd period - Slapshot by Tyler Kleven.
5:15 of 2nd period - Shot Misses the Net.
5:17 of 2nd period - Snap shot by Joel Teasdale.
5:17 of 2nd period - Shot Misses the Net.
5:19 of 2nd period - Snap shot by Ridly Greig.
5:19 of 2nd period - Shot Misses the Net.
5:26 of 2nd period - Off-side.
5:27 of 2nd period - Matthew Highmore wins face-off versus Radim Zohorna in neutral zone.
5:32 of 2nd period - Snap shot by Justin Brazeau.
5:32 of 2nd period - Stopped by Magnus Hellberg with a rebound.
5:34 of 2nd period - Snap shot by Matthew Highmore.
5:34 of 2nd period - Shot Misses the Net.
5:36 of 2nd period - Slapshot by Louis Crevier.
5:36 of 2nd period - Shot Misses the Net.
5:38 of 2nd period - Snap shot by Justin Brazeau.
5:38 of 2nd period - Stopped by Magnus Hellberg without a rebound.
5:39 of 2nd period - Vinnie Hinostroza wins face-off versus Matthew Highmore in Wilkes-Barre/Scranton Penguins zone.
5:46 of 2nd period - Slapshot by Matthew Highmore.
5:46 of 2nd period - Goal by Matthew Highmore - Wilkes-Barre/Scranton Penguins : 2 - Belleville Senators : 1.
5:47 of 2nd period - Vinnie Hinostroza wins face-off versus Ridly Greig in neutral zone.
5:54 of 2nd period - Tyler Kleven is hit by Alex Nylander and loses puck.
6:08 of 2nd period - Minor Penalty to Dmitri Samorukov for Roughing.
6:09 of 2nd period - Vinnie Hinostroza wins face-off versus Ridly Greig in Wilkes-Barre/Scranton Penguins zone.
7:01 of 2nd period - Snap shot by Alex Nylander.
7:01 of 2nd period - Shot Misses the Net.
8:08 of 2nd period - Penalty to Dmitri Samorukov is over, Dmitri Samorukov is back on ice.
8:15 of 2nd period - Filip Hallander is hit by Louis Crevier and loses puck.
8:30 of 2nd period - Slapshot by Dmitri Samorukov.
8:30 of 2nd period - Shot Misses the Net.
8:50 of 2nd period - Slapshot by Lukas Svejkovsky.
8:50 of 2nd period - Shot Blocked by Louis Crevier.
8:52 of 2nd period - Slapshot by Dmitri Samorukov.
8:52 of 2nd period - Stopped by Kevin Mandolese with a rebound.
8:54 of 2nd period - Snap shot by Corey Andonovski.
8:54 of 2nd period - Stopped by Kevin Mandolese with a rebound.
8:56 of 2nd period - Snap shot by Marc Johnstone.
8:56 of 2nd period - Wilkes-Barre/Scranton Penguins goal is going for a video replay.
8:56 of 2nd period - The goal is refused. The attacking player has interfered with a goalkeeper in his goal crease..
8:57 of 2nd period - Vinnie Hinostroza wins face-off versus Matthew Highmore in Belleville Senators zone.
8:58 of 2nd period - Snap shot by Alex Nylander.
8:58 of 2nd period - Deflect By Vinnie Hinostroza.
8:58 of 2nd period - Stopped by Kevin Mandolese with a rebound.
9:22 of 2nd period - Ridly Greig is hit by Filip Hallander and loses puck.
9:38 of 2nd period - Dillon Heatherington is hit by Filip Hallander and loses puck.
9:51 of 2nd period - Dillon Heatherington is hit by John Ludvig and loses puck.
10:10 of 2nd period - Wrist shot by Ridly Greig.
10:10 of 2nd period - Deflect By Zack MacEwen.
10:10 of 2nd period - Stopped by Magnus Hellberg with a rebound.
10:44 of 2nd period - Slapshot by Angus Crookshank.
10:44 of 2nd period - Shot Misses the Net.
11:37 of 2nd period - Corey Andonovski is hit by Tyler Kleven and loses puck.
12:10 of 2nd period - Radim Zohorna is hit by Joel Teasdale and loses puck.
12:44 of 2nd period - Icing by Alex Vlasic.
12:45 of 2nd period - Radim Zohorna wins face-off versus Ridly Greig in Belleville Senators zone.
13:04 of 2nd period - Snap shot by Ridly Greig.
13:04 of 2nd period - Stopped by Magnus Hellberg with a rebound.
13:20 of 2nd period - Slapshot by Vinnie Hinostroza.
13:20 of 2nd period - Stopped by Kevin Mandolese with a rebound.
13:22 of 2nd period - Snap shot by Vinnie Hinostroza.
13:22 of 2nd period - Stopped by Kevin Mandolese with a rebound.
13:24 of 2nd period - Wrist shot by Jansen Harkins.
13:24 of 2nd period - Deflect By Alex Vlasic.
13:24 of 2nd period - Stopped by Kevin Mandolese with a rebound.
13:26 of 2nd period - Slapshot by Alex Nylander.
13:26 of 2nd period - Shot Misses the Net.
13:36 of 2nd period - Jack Rathbone is hit by Dillon Heatherington and loses puck.
13:43 of 2nd period - Wrist shot by Rourke Chartier.
13:43 of 2nd period - Shot Misses the Net.
15:05 of 2nd period - Icing by Tyler Kleven.
15:06 of 2nd period - Vinnie Hinostroza wins face-off versus Matthew Highmore in Belleville Senators zone.
15:30 of 2nd period - Icing by Xavier Ouellet.
15:31 of 2nd period - Radim Zohorna wins face-off versus Ridly Greig in Wilkes-Barre/Scranton Penguins zone.
15:42 of 2nd period - Snap shot by Ridly Greig.
15:42 of 2nd period - Goal by Ridly Greig - Wilkes-Barre/Scranton Penguins : 2 - Belleville Senators : 2.
15:43 of 2nd period - Ridly Greig wins face-off versus Vinnie Hinostroza in neutral zone.
15:56 of 2nd period - Snap shot by Vinnie Hinostroza.
15:56 of 2nd period - Stopped by Kevin Mandolese with a rebound.
16:43 of 2nd period - Slapshot by Jack Rathbone.
16:43 of 2nd period - Shot Misses the Net.
16:45 of 2nd period - Slapshot by Dmitri Samorukov.
16:45 of 2nd period - Stopped by Kevin Mandolese with a rebound.
16:55 of 2nd period - Vinnie Hinostroza is hit by Angus Crookshank and loses puck.
17:00 of 2nd period - Slapshot by Angus Crookshank.
17:00 of 2nd period - Goal by Angus Crookshank - Wilkes-Barre/Scranton Penguins : 2 - Belleville Senators : 3.
17:01 of 2nd period - Ridly Greig wins face-off versus Vinnie Hinostroza in neutral zone.
17:18 of 2nd period - Wrist shot by Alex Nylander.
17:18 of 2nd period - Shot Misses the Net.
17:30 of 2nd period - Snap shot by Jonathan Gruden.
17:30 of 2nd period - Shot Blocked by Matthew Highmore.
17:54 of 2nd period - Valtteri Puustinen is hit by Alex Vlasic and loses puck.
18:30 of 2nd period - Snap shot by Jack Rathbone.
18:30 of 2nd period - Deflect By Filip Hallander.
18:30 of 2nd period - Stopped by Kevin Mandolese with a rebound.
19:07 of 2nd period - Alex Vlasic is hit by Jonathan Gruden and loses puck.
19:12 of 2nd period - Wrist shot by Radim Zohorna.
19:12 of 2nd period - Deflect By Jonathan Gruden.
19:12 of 2nd period - Shot Misses the Net.
19:12 of 2nd period - Puck is out of play.
19:13 of 2nd period - Ridly Greig wins face-off versus Radim Zohorna in Belleville Senators zone.
19:13 of 2nd period - Ridly Greig is hit by Jonathan Gruden.
19:37 of 2nd period - Alex Nylander is hit by Matthew Highmore and loses puck.
19:42 of 2nd period - Snap shot by Matthew Highmore.
19:42 of 2nd period - Stopped by Magnus Hellberg without a rebound.
19:43 of 2nd period - Vinnie Hinostroza wins face-off versus Matthew Highmore in Wilkes-Barre/Scranton Penguins zone.
Goals for this period are 1 for Wilkes-Barre/Scranton Penguins vs 3 for Belleville Senators.
Shots for this period are 14 for Wilkes-Barre/Scranton Penguins vs 11 for Belleville Senators.

3rd period


0:01 of 3rd period - Alex Nylander wins face-off versus Ridly Greig in neutral zone.
0:04 of 3rd period - Ridly Greig is hit by Vinnie Hinostroza and loses puck.
1:14 of 3rd period - Slapshot by Jacob Larsson.
1:14 of 3rd period - Stopped by Magnus Hellberg with a rebound.
1:30 of 3rd period - Daniel D'Amato is hit by Radim Zohorna.
1:38 of 3rd period - Jack Rathbone is hit by Zack MacEwen.
1:47 of 3rd period - Icing by Radim Zohorna.
1:48 of 3rd period - Matthew Highmore wins face-off versus Radim Zohorna in Wilkes-Barre/Scranton Penguins zone.
1:55 of 3rd period - Slapshot by Jack Rathbone.
1:55 of 3rd period - Shot Blocked by Bokondji Imama.
1:57 of 3rd period - Slapshot by Radim Zohorna.
1:57 of 3rd period - Deflect By Jonathan Gruden.
1:57 of 3rd period - Shot Misses the Net.
1:57 of 3rd period - Puck is out of play.
1:58 of 3rd period - Vinnie Hinostroza wins face-off versus Matthew Highmore in Belleville Senators zone.
2:02 of 3rd period - Minor Penalty to Bokondji Imama for Tripping.
2:03 of 3rd period - Joel Teasdale wins face-off versus Vinnie Hinostroza in Belleville Senators zone.
4:02 of 3rd period - Penalty to Bokondji Imama is over, Bokondji Imama is back on ice.
4:12 of 3rd period - Snap shot by Valtteri Puustinen.
4:12 of 3rd period - Shot Blocked by Jacob Larsson.
4:14 of 3rd period - Slapshot by Marc Johnstone.
4:14 of 3rd period - Stopped by Kevin Mandolese with a rebound.
4:16 of 3rd period - Slapshot by Xavier Ouellet.
4:16 of 3rd period - Deflect By Jacob Larsson.
4:16 of 3rd period - Stopped by Kevin Mandolese with a rebound.
4:18 of 3rd period - Wrist shot by Raivis Ansons.
4:18 of 3rd period - Deflect By Valtteri Puustinen.
4:18 of 3rd period - Goal by Valtteri Puustinen - Wilkes-Barre/Scranton Penguins : 3 - Belleville Senators : 3.
4:19 of 3rd period - Radim Zohorna wins face-off versus Zack MacEwen in neutral zone.
4:28 of 3rd period - Wrist shot by Filip Hallander.
4:28 of 3rd period - Stopped by Kevin Mandolese with a rebound.
4:46 of 3rd period - Matthew Highmore is hit by Ryan Shea and loses puck.
4:53 of 3rd period - Snap shot by Valtteri Puustinen.
4:53 of 3rd period - Stopped by Kevin Mandolese with a rebound.
5:28 of 3rd period - Wrist shot by Jack Rathbone.
5:28 of 3rd period - Stopped by Kevin Mandolese with a rebound.
5:30 of 3rd period - Slapshot by Jack Rathbone.
5:30 of 3rd period - Stopped by Kevin Mandolese with a rebound.
5:32 of 3rd period - Snap shot by Radim Zohorna.
5:32 of 3rd period - Shot Misses the Net.
5:34 of 3rd period - Wrist shot by Filip Hallander.
5:34 of 3rd period - Shot Misses the Net.
6:26 of 3rd period - Filip Hallander is hit by Bokondji Imama and loses puck.
7:09 of 3rd period - Will Butcher is hit by Bokondji Imama and loses puck.
8:39 of 3rd period - Minor Penalty to Rourke Chartier for High sticking.
8:40 of 3rd period - Zack MacEwen wins face-off versus Vinnie Hinostroza in Belleville Senators zone.
10:01 of 3rd period - Angus Crookshank is hit by Alex Nylander and loses puck.
10:39 of 3rd period - Penalty to Rourke Chartier is over, Rourke Chartier is back on ice.
10:54 of 3rd period - Slapshot by Alex Nylander.
10:54 of 3rd period - Goal by Alex Nylander - Wilkes-Barre/Scranton Penguins : 4 - Belleville Senators : 3.
10:55 of 3rd period - Radim Zohorna wins face-off versus Matthew Highmore in neutral zone.
11:21 of 3rd period - Ridly Greig is hit by Jack Rathbone and loses puck.
11:28 of 3rd period - Snap shot by Valtteri Puustinen.
11:28 of 3rd period - Shot Misses the Net.
11:30 of 3rd period - Wrist shot by Raivis Ansons.
11:30 of 3rd period - Goal by Raivis Ansons - Wilkes-Barre/Scranton Penguins : 5 - Belleville Senators : 3.
11:31 of 3rd period - Ridly Greig wins face-off versus Vinnie Hinostroza in neutral zone.
11:57 of 3rd period - Jack Rathbone is hit by Matthew Highmore and loses puck.
12:43 of 3rd period - Snap shot by Jack Rathbone.
12:43 of 3rd period - Shot Misses the Net.
12:45 of 3rd period - Slapshot by Dmitri Samorukov.
12:45 of 3rd period - Stopped by Kevin Mandolese without a rebound.
12:46 of 3rd period - Daniel D'Amato wins face-off versus Vinnie Hinostroza in Belleville Senators zone.
13:08 of 3rd period - Minor Penalty to Cole Reinhardt for Interference.
13:09 of 3rd period - Vinnie Hinostroza wins face-off versus Rourke Chartier in Belleville Senators zone.
13:16 of 3rd period - Backhand shot by Vinnie Hinostroza.
13:16 of 3rd period - Stopped by Kevin Mandolese with a rebound.
13:18 of 3rd period - Slapshot by Ryan Shea.
13:18 of 3rd period - Stopped by Kevin Mandolese without a rebound.
13:19 of 3rd period - Rourke Chartier wins face-off versus Vinnie Hinostroza in Belleville Senators zone.
13:19 of 3rd period - Rourke Chartier is hit by Vinnie Hinostroza.
14:20 of 3rd period - Rourke Chartier is hit by Jonathan Gruden and loses puck.
15:08 of 3rd period - Penalty to Cole Reinhardt is over, Cole Reinhardt is back on ice.
16:07 of 3rd period - Jansen Harkins is hit by Jacob Larsson and loses puck.
16:21 of 3rd period - Icing by Justin Brazeau.
16:22 of 3rd period - Ridly Greig wins face-off versus Vinnie Hinostroza in Belleville Senators zone.
18:03 of 3rd period - Radim Zohorna is hit by Tyler Kleven and loses puck.
18:31 of 3rd period - Jansen Harkins is hit by Donovan Sebrango and loses puck.
19:18 of 3rd period - Alex Nylander is hit by Alex Vlasic and loses puck.
Goals for this period are 3 for Wilkes-Barre/Scranton Penguins vs 0 for Belleville Senators.
Shots for this period are 12 for Wilkes-Barre/Scranton Penguins vs 1 for Belleville Senators.